Map: Hardwire LE

Players

Bears

  • Race: Zerg Zerg
  • League: Master

SeV - Winner!

  • Race: Protoss Protoss

VOD

Have the link to the VOD?

Description

Time

  • Played on: Jan. 5, 2022, 3:29 a.m.
  • Length: 16:45
Show
View Real Time Build Order
Export as new Build Order

Bears Zerg 

Build Orders: Hatch First 

Get SALT Encoding   

  12  0:00  Drone  
  13  0:12  Overlord  
  13  0:16  Drone  
  14  0:32  Drone x2  
  16  0:47  Hatchery  
  15  0:52  Drone  
  15  0:55  Drone  
  17  0:58  Drone  
  18  1:12  Extractor  
  18  1:14  Spawning Pool  
  18  1:17  Drone  
  17  1:21  Drone  
  18  1:28  Drone  
  19  1:40  Extractor  
  18  1:48  Drone  
  20  2:06  Overlord  
  20  2:07  Drone  
  20  2:08  Hatchery  
  20  2:17  Roach Warren  
  19  2:28  Drone x2  
  21  2:36  Queen  
  21  2:39  Zergling x2  
  24  2:57  Roach x2  
  28  3:07  Drone  
  28  3:10  Metabolic Boost  
  29  3:17  Overlord  
  29  3:19  Queen, Ravager  
  32  3:20  Ravager  
  32  3:26  Drone x2  
  35  3:30  Queen  
  36  3:40  Drone  
  36  3:41  Drone  
  38  3:45  Overlord  
  38  3:47  Drone x3  
  41  3:53  Drone x2  
  43  3:59  Overlord  
  43  4:03  Drone  
  44  4:11  Drone  
  44  4:12  Queen  
  44  4:15  Drone  
  48  4:23  Overlord  
  48  4:34  Drone x4, Queen  
  54  4:41  Spore Crawler  
  54  4:45  Spore Crawler  
  52  4:48  Drone x2  
  52  4:49  Drone, Queen  
  52  4:51  Drone  
  58  4:56  Drone x3  
  61  5:12  Spore Crawler  
  60  5:15  Drone x5  
  60  5:16  Extractor  
  60  5:19  Hatchery  
  63  5:22  Overlord  
  63  5:30  Overlord  
  63  5:33  Evolution Chamber  
  60  6:06  Lair  
  60  6:08  Extractor, Roach  
  60  6:09  Roach x4  
  60  6:10  Zerg Missile Weapons Level 1  
  70  6:18  Drone x8  
  70  6:23  Queen  
  79  6:32  Queen  
  81  6:35  Drone x2  
  81  6:36  Drone  
  81  6:37  Drone  
  85  6:42  Overlord x4  
  85  6:43  Overlord  
  85  6:47  Spore Crawler  
  84  6:57  Spore Crawler  
  84  7:00  Drone x5, Queen  
  84  7:01  Drone  
  91  7:02  Overlord  
  91  7:08  Queen  
  93  7:09  Drone  
  93  7:10  Drone, Hydralisk Den  
  93  7:11  Drone x2  
  96  7:22  Overlord  
  96  7:23  Overseer  
  96  7:26  Roach x5  
  96  7:27  Glial Reconstitution  
  106  7:33  Drone  
  106  7:34  Drone x2  
  106  7:35  Extractor, Queen  
  110  7:43  Queen  
  112  7:45  Hydralisk x4  
  120  7:52  Hydralisk x2, Grooved Spines  
  120  7:54  Overlord  
  120  7:58  Hatchery  
  123  8:05  Zerg Missile Weapons Level 2  
  123  8:06  Hydralisk x3  
  129  8:14  Zergling x2  
  129  8:15  Zergling x2  
  129  8:16  Hydralisk x3  
  129  8:18  Overlord x2  
  137  8:29  Overlord x2  
  137  8:36  Overlord  
  137  8:38  Hydralisk x5  
  137  8:39  Hydralisk  
  148  8:51  Hydralisk x4  
  152  8:56  Hydralisk x3  
  155  9:04  Hydralisk x3  
  161  9:13  Roach x5  
  171  9:19  Spore Crawler  
  171  9:21  Spore Crawler, Hydralisk x2  
  173  9:28  Hydralisk x3  
  179  9:33  Overlord  
  179  9:41  Hydralisk x2  
  179  9:45  Ravager  
  184  9:46  Overlord x2  
  184  9:54  Drone x8  
  192  10:01  Spire  
  192  10:04  Queen x2  
  195  10:09  Ravager x2  
  195  10:10  Overlord  
  197  10:20  Overlord x2  
  175  10:46  Hydralisk x10  
  191  10:51  Hydralisk x2  
  195  10:59  Overlord x2  
  195  11:20  Spore Crawler  
  195  11:21  Spore Crawler x2  
  195  11:22  Hydralisk x3  
  195  11:23  Spore Crawler, Hydralisk  
  195  11:24  Spore Crawler  
  198  11:26  Muscular Augments  
  198  11:30  Tunneling Claws  
  198  11:32  Burrow  
  198  11:49  Zerg Flyer Armor Level 1  
  198  11:54  Hydralisk x2  
  194  12:10  Spore Crawler  
  194  12:11  Spore Crawler x2  
  194  12:13  Drone  
  194  12:14  Drone x6  
  194  12:15  Spore Crawler  
  197  12:16  Drone x4, Spore Crawler  
  197  12:18  Overlord x3, Spore Crawler  
  199  12:39  Spire  
  199  12:43  Hatchery  
  197  12:48  Overlord  
  197  12:49  Overlord  
  197  12:57  Corruptor x7  
  184  13:01  Corruptor  
  150  13:07  Zergling x38  
  153  13:21  Drone x3, Extractor  
  153  13:22  Extractor  
  153  13:23  Drone x2  
  153  13:24  Drone  
  157  13:32  Overlord  
  157  13:33  Overlord x2  
  157  13:36  Corruptor x5  
  167  14:02  Corruptor  
  167  14:03  Corruptor x2  
  173  14:13  Corruptor  
  173  14:14  Corruptor  
  147  14:22  Corruptor  
  147  14:24  Hydralisk x2  
  107  14:40  Hydralisk x8  
  107  14:41  Hydralisk  
  107  14:45  Spore Crawler x2  
  96  15:05  Zergling x36  
  107  15:17  Overlord x3  
  107  15:20  Hydralisk Den  
  89  15:43  Spawning Pool  
  41  16:12  Hydralisk x6  
  41  16:13  Drone x12  
  52  16:35  Spore Crawler x2  
  52  16:36  Spore Crawler x2  
  52  16:37  Spore Crawler, Hatchery  
Show
View Real Time Build Order
Export as new Build Order

SeV Protoss - Winner!

Build Orders: Carriers 

Get SALT Encoding   

  12  0:00  Probe  
  13  0:12  Probe  
  14  0:19  Pylon  
  14  0:24  Probe  
  15  0:37  Probe  
  15  0:40  Gateway  
  16  0:49  Probe  
  17  0:57  Forge  
  17  1:01  Probe  
  18  1:13  Probe  
  19  1:25  Probe  
  19  1:28  Pylon  
  19  1:30  Pylon  
  20  1:40  Probe  
  21  1:49  Photon Cannon  
  21  1:50  Gateway  
  21  1:53  Photon Cannon  
  21  1:58  Gateway  
  21  2:04  Photon Cannon  
  21  2:09  Probe  
  22  2:17  Cybernetics Core  
  22  2:18  Photon Cannon  
  22  2:21  Probe  
  22  2:22  Assimilator  
  22  2:24  Assimilator  
  22  2:25  Pylon  
  22  2:33  Probe, Zealot  
  25  2:45  Probe  
  26  3:00  Nexus  
  28  3:05  Zealot  
  28  3:16  Stargate  
  28  3:21  Probe  
  29  3:32  Pylon  
  31  3:38  Probe  
  32  3:50  Probe, Stalker  
  32  3:54  Void Ray (Chrono Boost)  
  33  3:57  Shield Battery  
  33  3:59  Shield Battery  
  33  4:05  Probe  
  38  4:16  Shield Battery  
  38  4:19  Pylon  
  38  4:20  Void Ray  
  38  4:27  Probe (Chrono Boost)  
  38  4:28  Probe (Chrono Boost)  
  40  4:37  Probe (Chrono Boost)  
  40  4:38  Probe (Chrono Boost)  
  46  4:47  Probe x2  
  48  4:59  Void Ray  
  48  5:02  Protoss Air Weapons Level 1 (Chrono Boost)  
  52  5:10  Probe  
  52  5:11  Probe  
  52  5:14  Assimilator  
  54  5:17  Assimilator  
  54  5:22  Pylon  
  54  5:23  Probe x2 (Chrono Boost)  
  54  5:26  Cybernetics Core  
  56  5:35  Probe x2 (Chrono Boost)  
  58  5:41  Probe x2 (Chrono Boost)  
  60  5:49  Probe x2  
  56  6:01  Probe x2  
  56  6:05  Fleet Beacon  
  56  6:09  Stargate  
  56  6:15  Probe  
  57  6:21  Probe  
  57  6:24  Warp Gate (Chrono Boost)  
  58  6:26  Pylon  
  58  6:28  Pylon  
  58  6:44  Probe x2  
  60  6:50  Carrier (Chrono Boost)  
  60  6:51  Photon Cannon  
  60  6:53  Photon Cannon  
  66  6:55  Carrier (Chrono Boost)  
  72  7:03  Probe  
  72  7:04  Probe  
  74  7:17  Nexus  
  74  7:18  Pylon  
  74  7:22  Pylon  
  74  7:34  Pylon, Protoss Air Weapons Level 2 (Chrono Boost)  
  74  7:36  Shield Battery  
  74  7:39  Photon Cannon  
  74  7:40  Photon Cannon  
  74  7:42  Photon Cannon  
  74  7:45  Photon Cannon  
  74  7:47  Photon Cannon  
  74  7:49  Shield Battery  
  74  7:50  Shield Battery, Carrier  
  80  7:51  Assimilator  
  80  7:53  Assimilator  
  80  7:59  Probe x2  
  82  8:11  Probe x2  
  84  8:18  Protoss Air Armor Level 1 (Chrono Boost)  
  84  8:19  Carrier  
  90  8:23  Probe x2  
  92  8:38  Stargate  
  92  9:00  Carrier  
  98  9:03  Probe x2  
  98  9:06  Probe  
  101  9:15  Probe x2  
  103  9:18  Probe  
  103  9:22  Robotics Facility  
  104  9:25  Pylon  
  104  9:26  Photon Cannon  
  104  9:27  Probe x2, Pylon  
  104  9:28  Shield Battery  
  104  9:30  Probe  
  107  9:39  Probe x2  
  107  9:40  Photon Cannon  
  107  9:42  Pylon  
  109  9:50  Shield Battery  
  109  9:52  Shield Battery  
  109  9:55  Photon Cannon x2  
  109  9:57  Protoss Air Weapons Level 3 (Chrono Boost), Pylon  
  109  10:00  Pylon  
  109  10:06  Carrier  
  115  10:24  Protoss Air Armor Level 2 (Chrono Boost)  
  115  10:25  Carrier  
  121  10:40  Carrier  
  120  10:59  Pylon  
  119  11:14  Pylon  
  119  11:15  Pylon  
  119  11:17  Carrier  
  125  11:30  Pylon  
  125  11:32  Carrier  
  131  11:47  Carrier  
  133  12:19  Nexus  
  133  12:21  Pylon  
  133  12:45  Shield Battery  
  133  13:30  Nexus  
  106  15:28  Carrier x2  
  112  16:32  Sentry  
Tags
 
Composition
Carriers
League
Master
Matchup
PvZ
Add a new tag
Caveats
  • Supply blocks, unpowered buildings, or Contaminate may cause inaccurate times.
  • Supply counts are checked every 10 seconds.